 Dungeon Crawl Stone Soup version 0.23.2-1-ga50397a (webtiles) character file.

Game seed: 3306384468649638538

231 Magicfruit the Poker (level 6, -9/38 HPs)
             Began as a Tengu Monk on May 19, 2019.
             Was a Believer of Ashenzari.
             Killed from afar by an orc wizard (10 damage)
             ... with a magic dart
             ... on level 4 of the Dungeon.
             The game lasted 00:13:24 (2770 turns).

Magicfruit the Poker (Tengu Monk)                   Turns: 2770, Time: 00:13:25

Health: -9/38      AC:  2    Str: 12    XL:     6   Next: 4%
Magic:  7/7        EV: 15    Int: 10    God:    Ashenzari [**....]
Gold:   120        SH:  0    Dex: 18    Spells: 5/5 levels left

rFire    . . .     SeeInvis .   a - +1 spear (curse)
rCold    . . .     Gourm    .   (no shield)
rNeg     . . .     Faith    .   d - +0 robe
rPois    .         Spirit   .   (helmet restricted)
rElec    .         Reflect  .   (no cloak)
rCorr    .         Harm     .   (no gloves)
MR       .....                  (boots unavailable)
Stlth    +++.......             (no amulet)
HPRegen  0.12/turn              (no ring)
MPRegen  0.10/turn              (no ring)

@: invisible
A: beak, talons 3, able to fly
a: Fly, Curse Item, Scrying, Renounce Religion


You were on level 4 of the Dungeon.
You worshipped Ashenzari.
Ashenzari was pleased with you.
You were not hungry.

You visited 1 branch of the dungeon, and saw 4 of its levels.

You collected 120 gold pieces.

Inventory:

Hand Weapons
 a - a cursed +1 spear (weapon)
 i - a +2 antimagic short sword
Armour
 b - a +0 robe
 d - a +0 robe (worn)
 j - a +0 robe
Jewellery
 f - a cursed amulet of inaccuracy
Scrolls
 g - 2 scrolls of identify
 k - a scroll of blinking {unknown}
Potions
 h - a potion of lignification
Comestibles
 c - a ration


   Skills:
 + Level 3.9 Fighting
 + Level 4.7(6.9) Polearms
 + Level 4.5 Dodging
 + Level 3.7 Stealth


You had 5 spell levels left.
You didn't know any spells.
Your spell library was empty.

Dungeon Overview and Level Annotations

Branches:
Dungeon (4/15)
 Temple: D:4-7

Altars:
Ashenzari


Innate Abilities, Weirdness & Mutations

You have a beak for a mouth.
You have claws for feet.
You can fly continuously.


Message History

Your experience leads to an increase in your attributes!
Increase (S)trength, (I)ntelligence, or (D)exterity?
You feel agile.
You barely miss the orc wizard.
You claw the orc wizard, but do no damage.
The orc wizard looks encouraged for a moment.
The orc wizard hits you with a +0 dagger.
* * * LOW HITPOINT WARNING * * *
The orc wizard casts a spell at you. The magic dart hits you.
* * * LOW HITPOINT WARNING * * *
The orc wizard gestures at you while chanting.
The magic dart hits you.
* * * LOW HITPOINT WARNING * * *
Okay, then.
It was a potion of invisibility.
You fade into invisibility!
The orc wizard casts a spell at you. The magic dart hits you!
You die...

#.#
#..########,*
#.# #..# #.#
#..# #.# #..#
* #.# #..# ,
#o# #..# *
#.# #..# *
#.#
#..########.#
#.#
#.oo.@......#
#.#
#.###########
#.###.#
#..†..#
#####.# #.#
###


You could see an orc wizard and an orc.

Vanquished Creatures
  A scorpion (D:4)
  2 howler monkeys (D:4)
  Terence (D:3)
  2 adders (D:3)
  An ooze (D:4)
  A worm (D:2)
  2 dart slugs
  6 orcs (D:3)
  A ball python (D:1)
  5 giant cockroaches
  5 hobgoblins
  3 jackals (D:2)
  A quokka (D:2)
  5 bats
  4 frilled lizards
  2 goblins (D:3)
  5 kobolds
  10 rats
57 creatures vanquished.

Notes
Turn   | Place    | Note
-------+----------+-------------------------------------------
     0 | D:1      | Magicfruit the Tengu Monk began the quest for the Orb.
     0 | D:1      | Reached XP level 1. HP: 14/14 MP: 2/2
   275 | D:1      | Reached XP level 2. HP: 14/19 MP: 3/3
   741 | D:2      | Reached XP level 3. HP: 10/23 MP: 4/4
  1783 | D:3      | Noticed Terence
  1795 | D:3      | Killed Terence
  1795 | D:3      | Reached XP level 4. HP: 19/28 MP: 2/5
  1806 | D:3      | Found a shattered altar of Ashenzari.
  2063 | D:3      | Became a worshipper of Ashenzari the Shackled
  2063 | D:3      | Reached * piety under Ashenzari
  2063 | D:3      | Reached ** piety under Ashenzari
  2655 | D:4      | Gained mutation: You can fly continuously. [Tengu growth]
  2655 | D:4      | Reached XP level 5. HP: 25/33 MP: 6/6
  2762 | D:4      | Reached XP level 6. HP: 12/38 MP: 7/7
  2769 | D:4      | HP: 1/38 [orc wizard/magic dart (6)]
  2770 | D:4      | Killed from afar by an orc wizard

Skill      XL: |  1  2  3  4 |
---------------+-------------+-----
Polearms       | 4 |  4.7
Dodging        | 4 |  4.5
Stealth        | 3 |  3.7
Fighting       | |  3.9

Action                   |  1- 3 |  4- 6 || total
-------------------------+-------+-------++-------
Melee: Spear             |   106 |    70 ||   176
       Kick              |    24 |    16 ||    40
       Peck              |    16 |    14 ||    30
Invok: Curse Item        |       |     1 ||     1
  Use: Scroll            |     5 |     1 ||     6
       Potion            |     3 |     2 ||     5
 Stab: Sleeping          |     7 |     1 ||     8
  Eat: Ration            |     1 |     1 ||     2
Armor: Robe              |    21 |     9 ||    30
Dodge: Dodged            |    76 |    43 ||   119
